Map: Emerald City LE

Players

Massa

  • Race: Terran Terran
  • League: Gold
  • Spawn Location: 11:00

qqq

  • Race: Zerg Zerg
  • League: Platinum
  • Spawn Location: 11:00

Lomion

  • Race: Zerg Zerg
  • League: Gold
  • Spawn Location: 5:00

Daimos

  • Race: Protoss Protoss
  • League: Diamond
  • Spawn Location: 5:00

VOD

Have the link to the VOD?

Description

Time

  • Played on: May 24, 2020, 5:24 a.m.
  • Length: 16:47
Show
View Real Time Build Order
Export as new Build Order

Massa Terran 

Build Orders:  

Get SALT Encoding   

  12  0:09  SCV  
  13  0:16  Supply Depot  
  13  0:21  SCV  
  14  0:39  Barracks  
  14  0:40  SCV  
  15  0:51  Refinery  
  15  0:52  SCV  
  16  1:04  SCV  
  16  1:09  Supply Depot  
  17  1:16  SCV  
  18  1:27  Refinery, Marine  
  18  1:28  SCV  
  20  1:38  Barracks  
  20  1:45  Marine  
  21  2:18  Marine  
  23  2:22  SCV  
  23  2:27  Factory  
  23  2:36  Marine  
  24  2:40  Command Center, Supply Depot  
  24  2:42  Marine  
  25  2:53  SCV  
  25  2:54  Marine  
  27  3:00  Marine  
  28  3:11  Factory Tech Lab  
  28  3:14  Starport  
  28  3:21  Marine x2  
  28  3:26  Engineering Bay  
  30  3:34  Orbital Command  
  30  3:49  Siege Tank  
  33  3:59  Marine x2  
  35  4:04  Medivac  
  37  4:17  SCV  
  37  4:21  SCV  
  39  4:29  SCV  
  40  4:33  SCV  
  40  4:37  Marine  
  40  4:38  Marine  
  43  4:41  Medivac  
  43  4:45  SCV  
  46  4:55  Marine x2  
  48  5:13  Marine x2  
  50  5:15  Missile Turret  
  50  5:19  Missile Turret  
  50  5:23  Orbital Command  
  50  5:24  SCV  
  51  5:31  Marine  
  52  5:36  SCV  
  52  5:37  Missile Turret  
  52  5:38  Starport  
  52  5:39  Missile Turret  
  53  5:48  SCV  
  54  5:50  Supply Depot  
  54  5:58  Missile Turret  
  54  5:59  Missile Turret  
  54  6:11  Barracks Tech Lab  
  54  6:12  SCV x2, Medivac  
  54  6:13  Terran Infantry Weapons Level 1  
  54  6:15  Supply Depot  
  54  6:17  Engineering Bay  
  58  6:24  SCV  
  59  6:31  Medivac  
  60  6:56  Medivac  
  60  7:01  Medivac  
  64  7:03  Refinery  
  64  7:11  Missile Turret  
  62  7:30  Combat Shield  
  62  7:34  Marauder, Marine  
  65  7:51  Marine  
  65  7:53  Viking x2  
  65  7:57  Barracks  
  70  8:03  Supply Depot  
  70  8:12  Supply Depot  
  70  8:25  Marauder, Marine  
  70  8:26  Supply Depot  
  73  8:34  Terran Infantry Armor Level 1, Supply Depot  
  73  8:46  Marine  
  74  8:48  Supply Depot  
  74  8:49  Stimpack  
  74  8:57  Supply Depot  
  74  9:10  Command Center  
  74  9:12  Supply Depot  
  74  9:15  Barracks Reactor  
  74  9:16  Refinery  
  74  9:18  Marauder, Marine  
  74  9:19  Refinery  
  74  9:21  Supply Depot  
  77  9:35  Supply Depot  
  77  9:36  Marine  
  78  9:39  Marauder  
  78  9:44  Siege Tank  
  78  9:45  Missile Turret  
  75  9:53  Marine  
  75  9:56  Medivac  
  78  10:00  Marine x3  
  78  10:05  Missile Turret  
  81  10:07  Barracks  
  81  10:11  Marine  
  79  10:16  Siege Tank  
  79  10:17  Marine x2  
  84  10:23  Viking  
  84  10:25  Missile Turret  
  84  10:26  Viking  
  87  10:35  Marine x2  
  89  10:53  Marine x2, Viking  
  89  10:57  Armory  
  56  11:43  Marauder, Marine x3  
  56  11:45  Armory  
  52  11:52  SCV, Barracks  
  45  11:57  Thor  
  45  12:00  Marine  
  45  12:01  Marine x2  
  50  12:02  Terran Infantry Weapons Level 2  
  50  12:04  SCV, Marauder  
  54  12:16  Orbital Command, SCV  
  54  12:18  Marine x2  
  54  12:19  Marine  
  54  12:22  SCV  
  59  12:25  Marauder  
  59  12:28  SCV  
  62  12:34  SCV  
  62  12:36  Marine x3  
  66  12:40  SCV, Barracks  
  65  12:47  Marauder  
  65  12:50  Barracks Reactor  
  67  12:52  SCV  
  67  12:54  Marine  
  67  12:55  Thor  
  75  12:59  Terran Infantry Armor Level 2  
  75  13:05  SCV  
  76  13:21  SCV x2  
  76  13:22  SCV  
  79  13:31  Marauder, Marine x3  
  79  13:32  Marine x2  
  79  13:33  SCV  
  87  13:45  Refinery  
  87  13:53  Barracks Reactor, Marauder  
  87  13:55  Marine x5  
  94  14:09  Barracks Reactor  
  94  14:13  Marine x5  
  94  14:14  Marauder  
  101  14:30  Marine  
  101  14:31  Marine x4  
  104  14:35  Marauder  
  108  14:48  Marine x2  
  108  14:49  Marine  
  111  14:57  Marauder  
  102  15:09  Marine x3  
  102  15:10  Marine x6  
  86  15:15  Thor  
  86  15:18  Marauder  
  86  15:20  Factory  
  76  15:27  Marine x5  
  76  15:28  Marine x4  
  85  15:39  Marauder  
  87  15:45  Marine x6  
  87  15:46  Marine x3  
  96  16:01  Marauder  
  96  16:03  Marine x3  
  99  16:06  Factory Tech Lab  
  69  16:22  Marauder  
Show
View Real Time Build Order
Export as new Build Order

qqq Zerg 

Build Orders: Hatch First 

Get SALT Encoding   

  12  0:02  Drone  
  13  0:09  Drone  
  14  0:41  Hatchery  
  13  0:52  Spawning Pool  
  12  0:58  Overlord  
  12  1:02  Drone  
  13  1:07  Drone  
  14  1:16  Extractor, Drone  
  14  1:24  Drone  
  15  1:37  Drone  
  16  1:41  Queen  
  16  1:45  Zergling x2  
  19  1:53  Drone  
  20  1:55  Queen  
  20  1:59  Zergling x2  
  23  2:08  Drone  
  25  2:15  Drone x2  
  26  2:26  Lair  
  26  2:37  Drone  
  26  2:38  Drone  
  28  2:47  Spine Crawler  
  27  2:56  Drone  
  28  3:01  Overlord  
  28  3:04  Spine Crawler  
  27  3:07  Spine Crawler  
  27  3:10  Drone x2  
  28  3:17  Overlord  
  28  3:19  Drone  
  29  3:23  Extractor  
  28  3:44  Drone x2  
  28  3:45  Drone  
  31  3:53  Drone  
  31  3:54  Drone x2  
  34  4:07  Spire  
  34  4:09  Drone x2  
  35  4:11  Drone  
  36  4:21  Drone x2  
  38  4:37  Drone x2  
  38  4:38  Drone  
  41  4:52  Drone x3  
  44  4:55  Overlord x2  
  44  5:01  Extractor  
  44  5:02  Extractor  
  42  5:10  Overlord  
  42  5:14  Drone x3  
  44  5:18  Mutalisk  
  47  5:21  Spore Crawler  
  47  5:26  Drone  
  47  5:27  Spore Crawler x2  
  45  5:30  Spore Crawler  
  45  5:32  Mutalisk  
  45  5:33  Mutalisk x3  
  52  5:40  Drone x2  
  52  5:42  Drone x2  
  56  5:45  Zerg Flyer Weapons Level 1  
  56  5:57  Drone, Mutalisk  
  57  5:58  Mutalisk  
  61  6:10  Hatchery, Mutalisk  
  62  6:21  Mutalisk  
  62  6:23  Drone x3  
  62  6:24  Drone  
  68  6:52  Overlord x3  
  68  6:54  Overlord x3  
  66  7:28  Mutalisk x2  
  66  7:29  Mutalisk x4  
  66  7:39  Mutalisk, Zerg Flyer Armor Level 1  
  66  7:41  Drone  
  66  7:42  Drone  
  68  7:45  Overlord x3  
  68  7:54  Mutalisk x2  
  68  7:56  Zergling x4  
  68  7:58  Queen  
  74  7:59  Drone x2  
  74  8:04  Mutalisk  
  81  8:05  Zergling x2  
  81  8:11  Hatchery  
  80  8:15  Mutalisk  
  82  8:21  Hatchery  
  82  8:22  Mutalisk  
  83  8:31  Zergling x8  
  83  8:32  Drone, Zergling x4  
  83  8:33  Drone x2  
  86  8:59  Mutalisk  
  86  9:00  Mutalisk x3  
  86  9:01  Drone x2  
  93  9:04  Spore Crawler  
  93  9:05  Drone, Spine Crawler  
  93  9:06  Spore Crawler  
  93  9:07  Queen  
  80  9:48  Hatchery  
  66  9:53  Mutalisk x5  
  66  9:55  Drone x3  
  66  9:59  Hatchery  
  74  10:02  Mutalisk  
  74  10:06  Extractor  
  73  10:08  Extractor  
  72  10:18  Mutalisk x2  
  72  10:21  Drone x2  
  74  10:43  Mutalisk x3  
  74  10:45  Drone x3  
  74  10:46  Drone  
  84  11:00  Drone x2  
  78  11:27  Mutalisk x5  
  78  11:42  Drone x4  
  78  11:43  Drone x5, Mutalisk  
  81  11:59  Zerg Flyer Weapons Level 2  
  81  12:02  Zergling x10  
  81  12:03  Drone x2, Zergling x2  
  81  12:04  Drone  
  87  12:15  Drone x2  
  87  12:22  Spore Crawler  
  86  12:23  Spine Crawler, Spore Crawler  
  86  12:26  Drone  
  86  12:27  Drone x5  
  86  12:28  Drone  
  88  12:35  Mutalisk x2  
  88  12:36  Mutalisk x4  
  88  12:45  Drone x2  
  88  12:50  Drone, Spore Crawler  
  90  12:52  Drone x2, Mutalisk  
  90  12:53  Mutalisk  
  81  13:15  Queen  
  81  13:16  Spine Crawler  
  81  13:17  Drone x2  
  84  13:20  Metabolic Boost  
  84  13:22  Mutalisk x4  
  84  13:24  Overlord x2  
  84  13:25  Drone x2  
  94  13:30  Hatchery  
  94  13:34  Mutalisk x2  
  97  13:44  Queen  
  97  13:45  Drone  
  97  13:46  Drone  
  97  13:47  Extractor  
  100  13:48  Extractor  
  95  14:06  Corruptor x3  
  95  14:07  Mutalisk x2  
  103  14:14  Hatchery  
  103  14:15  Spine Crawler x2  
  103  14:16  Spine Crawler  
  99  14:17  Spine Crawler  
  99  14:18  Spine Crawler  
  99  14:21  Spine Crawler  
  94  14:27  Mutalisk  
  94  14:28  Mutalisk x2  
  94  14:29  Drone  
  94  14:30  Drone x2  
  101  14:42  Zergling x8  
  101  14:43  Zergling x4  
  107  15:24  Mutalisk x2  
  107  15:25  Mutalisk x4  
  107  15:26  Corruptor  
  121  15:32  Hatchery  
  121  15:34  Zergling x10  
  125  15:36  Drone x2  
  125  15:37  Drone  
  125  15:42  Hatchery  
  127  15:44  Drone x3  
  130  15:56  Evolution Chamber, Infestation Pit  
  116  16:16  Mutalisk x5  
  113  16:19  Drone  
Show
View Real Time Build Order
Export as new Build Order

Lomion Zerg 

Build Orders: Hatch First, Lurkers, Muta Ling Bane 

Get SALT Encoding   

  12  0:01  Drone  
  13  0:12  Overlord  
  13  0:17  Drone  
  14  0:30  Drone x2  
  16  0:51  Hatchery  
  16  0:55  Drone  
  17  1:04  Drone x2  
  17  1:07  Extractor  
  17  1:19  Spawning Pool  
  17  1:23  Drone  
  17  1:27  Drone  
  18  1:34  Drone  
  19  1:49  Drone  
  19  1:50  Overlord  
  20  2:07  Queen  
  20  2:08  Queen  
  22  2:10  Zergling x2  
  22  2:11  Zergling x2  
  26  2:16  Metabolic Boost  
  26  2:20  Zergling x2  
  26  2:22  Zergling x2  
  28  2:26  Drone  
  28  2:29  Drone  
  30  2:32  Drone  
  31  2:39  Drone  
  32  2:47  Baneling Nest  
  31  2:55  Zergling x4  
  31  2:56  Drone  
  31  2:57  Overlord  
  34  3:04  Extractor  
  33  3:08  Drone x2  
  35  3:15  Queen  
  35  3:16  Drone  
  35  3:17  Drone  
  39  3:31  Lair  
  39  3:35  Drone x4  
  39  3:40  Overlord  
  43  3:42  Drone  
  44  3:58  Spore Crawler  
  44  4:01  Spore Crawler  
  42  4:03  Drone x2  
  42  4:04  Spore Crawler  
  42  4:05  Drone  
  42  4:07  Drone x3  
  47  4:11  Spore Crawler  
  47  4:12  Drone  
  47  4:24  Drone x3  
  49  4:27  Extractor  
  49  4:28  Drone  
  49  4:29  Drone, Extractor  
  49  4:30  Drone x2  
  52  4:35  Overlord  
  52  4:41  Overlord  
  52  4:50  Centrifical Hooks  
  51  4:55  Drone  
  51  4:56  Drone x2  
  51  4:57  Drone  
  55  5:07  Spire  
  55  5:08  Hatchery  
  55  5:10  Zergling x2  
  55  5:11  Zergling x4  
  56  5:15  Overlord  
  56  5:17  Overlord  
  56  5:22  Queen  
  58  5:51  Drone  
  58  5:52  Drone x9  
  68  6:10  Evolution Chamber  
  67  6:13  Evolution Chamber  
  67  6:17  Baneling  
  67  6:18  Baneling x10  
  66  6:22  Drone x3  
  66  6:23  Drone x3  
  72  6:31  Mutalisk  
  72  6:32  Mutalisk x6  
  86  6:33  Mutalisk  
  86  6:35  Overlord  
  88  6:40  Overseer  
  88  6:48  Pneumatized Carapace  
  88  6:58  Mutalisk  
  90  7:09  Mutalisk  
  90  7:11  Zergling x12  
  90  7:12  Zergling x2  
  95  7:29  Mutalisk, Overlord  
  92  7:30  Mutalisk  
  90  7:42  Extractor  
  90  7:44  Extractor, Queen  
  89  7:45  Drone x3  
  89  7:46  Drone x2  
  89  7:47  Drone  
  89  7:48  Drone x2  
  98  7:59  Mutalisk x3  
  98  8:01  Zergling x2  
  98  8:02  Hatchery, Overlord  
  98  8:03  Zergling x2, Overlord x3  
  105  8:36  Mutalisk  
  105  8:37  Mutalisk x5  
  117  8:41  Overlord x3  
  115  8:57  Mutalisk x2  
  115  8:58  Mutalisk  
  121  9:07  Hydralisk Den  
  120  9:10  Infestation Pit  
  119  9:20  Drone x8  
  110  9:48  Hydralisk x2  
  110  9:49  Hydralisk x12  
  110  9:51  Queen  
  136  10:01  Hive  
  136  10:04  Extractor  
  136  10:05  Drone x2  
  136  10:06  Drone x2  
  136  10:07  Extractor  
  138  10:08  Drone x2  
  138  10:13  Drone x2  
  138  10:14  Drone x2  
  124  10:59  Baneling x13  
  124  11:00  Baneling x4  
  124  11:07  Lurker Den  
  124  11:10  Hydralisk x3  
  124  11:11  Hydralisk x13  
  118  11:26  Hydralisk  
  118  11:27  Hydralisk x6  
  132  11:36  Adrenal Glands  
  133  11:40  Zergling x22  
  133  11:41  Zergling x16  
  151  11:54  Grooved Spines  
  151  11:57  Hatchery  
  151  11:58  Zerg Missile Weapons Level 1  
  151  11:59  Zerg Ground Armor Level 1  
  151  12:01  Zergling x14  
  157  12:28  Hydralisk  
  159  12:30  Drone, Overlord x4  
  159  12:31  Overlord  
  159  12:49  Baneling x3  
  159  12:50  Baneling x6  
  159  13:05  Muscular Augments  
  155  13:18  Burrow  
  155  13:20  Drone x3  
  155  13:21  Drone  
  155  13:22  Drone x2  
  155  13:23  Drone x5  
  166  13:29  Extractor  
  166  13:30  Adaptive Talons  
  166  13:32  Hydralisk  
  166  13:33  Hydralisk x16  
  199  13:35  Lurker  
  200  13:54  Extractor  
  199  14:06  Zerg Ground Armor Level 2, Zerg Missile Weapons Level 2  
  196  14:27  Seismic Spines  
  196  14:32  Lurker x3  
  183  15:20  Drone x8  
  182  15:34  Extractor  
  181  15:35  Hatchery  
  181  15:36  Extractor  
  181  15:42  Hydralisk x6  
  181  15:46  Overlord x3  
Show
View Real Time Build Order
Export as new Build Order

Daimos Protoss 

Build Orders: Carriers 

Get SALT Encoding   

  12  0:01  Probe  
  13  0:13  Probe  
  14  0:18  Pylon  
  14  0:25  Probe  
  15  0:37  Probe  
  15  0:40  Gateway  
  16  0:50  Probe, Assimilator  
  17  1:05  Probe  
  18  1:17  Probe (Chrono Boost)  
  19  1:27  Probe (Chrono Boost)  
  19  1:32  Probe (Chrono Boost), Cybernetics Core  
  20  1:36  Pylon  
  21  2:00  Assimilator  
  21  2:09  Nexus  
  21  2:13  Warp Gate (Chrono Boost)  
  20  2:17  Adept  
  22  2:24  Probe  
  23  2:36  Probe  
  24  2:38  Gateway  
  24  2:41  Twilight Council  
  24  2:53  Adept  
  26  3:05  Probe  
  27  3:14  Resonating Glaives (Chrono Boost)  
  27  3:17  Probe  
  28  3:23  Adept  
  28  3:25  Adept  
  28  3:26  Probe  
  33  3:29  Probe  
  32  3:58  Stargate  
  32  4:00  Pylon  
  32  4:04  Forge  
  32  4:10  Probe x2, Pylon  
  34  4:22  Probe (Chrono Boost)  
  34  4:23  Probe (Chrono Boost)  
  36  4:34  Probe x2 (Chrono Boost), Adept x2  
  36  4:35  Protoss Ground Weapons Level 1 (Chrono Boost)  
  42  4:38  Probe x2 (Chrono Boost)  
  42  4:42  Phoenix  
  46  4:49  Photon Cannon  
  46  4:57  Photon Cannon  
  46  5:03  Probe x2  
  48  5:09  Phoenix  
  50  5:15  Probe  
  50  5:16  Probe  
  52  5:24  Assimilator  
  52  5:26  Assimilator  
  52  5:27  Probe  
  52  5:28  Probe, Adept x2  
  58  5:35  Pylon  
  58  5:40  Probe, Robotics Facility  
  59  5:54  Probe x2  
  61  6:01  Charge (Chrono Boost)  
  61  6:02  Gateway  
  61  6:04  Gateway  
  61  6:06  Probe x2  
  63  6:18  Probe x2  
  65  6:21  Adept x2  
  67  6:53  Stargate  
  67  6:55  Fleet Beacon  
  67  6:59  Phoenix  
  69  7:07  Protoss Ground Weapons Level 2 (Chrono Boost)  
  69  7:14  Protoss Air Weapons Level 1  
  69  7:24  Phoenix  
  69  7:42  Anion Pulse-Crystals (Chrono Boost)  
  70  8:05  Gateway  
  69  8:07  Gateway  
  69  8:32  Nexus  
  69  8:34  Pylon  
  69  8:36  Pylon  
  69  8:51  Phoenix x2, Warp Prism  
  63  9:16  Phoenix x2  
  67  9:20  Photon Cannon  
  67  9:22  Photon Cannon  
  67  9:24  Photon Cannon  
  67  9:25  Photon Cannon  
  67  9:28  Photon Cannon  
  67  9:29  Photon Cannon  
  63  9:41  Phoenix  
  65  9:46  Adept x2  
  65  9:47  Adept x4  
  77  10:20  Phoenix x2  
  81  10:27  Probe x3  
  84  10:31  Assimilator  
  84  10:34  Assimilator  
  80  10:36  Adept x3  
  80  10:37  Adept x3  
  80  10:39  Probe x3  
  95  10:43  Protoss Air Weapons Level 2 (Chrono Boost)  
  95  10:45  Phoenix x2  
  99  10:53  Nexus  
  99  10:54  Pylon  
  99  10:57  Pylon  
  99  10:59  Adept  
  101  11:05  Pylon  
  101  11:07  Pylon  
  101  11:08  Pylon  
  101  11:12  Phoenix  
  93  11:28  Adept x4  
  93  11:29  Adept x2  
  80  12:04  Adept x5  
  80  12:05  Adept  
  80  12:08  Probe x4  
  96  12:20  Probe x4  
  100  12:32  Probe x2  
  92  12:55  Stargate  
  92  12:57  Stargate  
  92  13:01  Adept x5  
  92  13:07  Assimilator  
  92  13:08  Carrier (Chrono Boost)  
  92  13:09  Assimilator  
  104  13:13  Protoss Shields Level 1  
  104  13:18  Carrier (Chrono Boost)  
  104  13:28  Protoss Air Weapons Level 3 (Chrono Boost)  
  102  14:08  Carrier x3  
  118  14:15  Carrier  
  122  14:22  Stalker x4  
  122  14:23  Stalker x2  
  130  14:46  Adept x5  
  130  14:47  Adept  
  140  15:12  Carrier  
  142  15:20  Stalker x4  
  142  15:21  Stalker x2  
  140  15:43  Nexus  
  140  15:44  Pylon  
  140  15:47  Pylon  
  140  15:49  Pylon  
  140  16:37  Stalker x4  
Tags
 
Add a new tag
Caveats
  • Supply blocks, unpowered buildings, or Contaminate may cause inaccurate times.
  • Supply counts are checked every 10 seconds.